PL
BUCKHEAD BOWTIES @ PORTLAND EVERGREENS
08/25/2034
 
TOP OF THE 1ST
Buckhead Bowties batting - Pitching for Portland Evergreens : LHP Marcos Tejedor
Pitching: LHP Marcos Tejedor
Batting: LHB José Valéncia 0-0: Ball
1-0: SINGLE (Groundball, 34D)
Batting: RHB Richard Jost 0-0: Swinging Strike
0-1: Ball
1-1: Foul Ball, location: 2F
1-2: Foul Ball, location: 2F
1-2: Foul Ball, location: 2F
1-2: Ball
2-2: Strikes out swinging
Batting: RHB Derek Bangert 0-0: 2-RUN HOME RUN (Flyball, 7LD), Distance : 389 ft
Batting: LHB Yu-zeng Si 0-0: Ball
1-0: Ball
2-0: Called Strike
2-1: Called Strike
2-2: Ground out 6-3 (Groundball, 4MS)
Batting: RHB Emílio Agramónte 0-0: Foul Ball, location: 2F
0-1: Foul Ball, location: 2F
0-2: Strikes out swinging
Top of the 1st over - 2 runs, 2 hits, 0 errors, 0 left on base; Buckhead 2 - Portland 0
BOTTOM OF THE 1ST
Portland Evergreens batting - Pitching for Buckhead Bowties : LHP Dale Hamilton
Pitching: LHP Dale Hamilton
Batting: SHB Willie McGirt 0-0: Ball
1-0: Swinging Strike
1-1: Ball
2-1: Foul Ball, location: 2F
2-2: Foul Ball, location: 2F
2-2: Ball
3-2: Base on Balls
Batting: RHB Tae-cho Han 0-0: Called Strike
0-1: Ball
1-1: Ball
2-1: Grounds into double play, 5-4-3 (Groundball, 5)
Batting: RHB Nelson Jaramillo 0-0: Foul Ball, location: 2F
0-1: Ball
1-1: Called Strike
1-2: Ball
2-2: Foul Ball, location: 2F
2-2: Ball
3-2: SINGLE (Line Drive, 56)
Batting: RHB Enrique Morales 0-0: Ball
1-0: Ball
2-0: Fielders Choice at 2nd, 6-4 (Groundball, 56)
Bottom of the 1st over - 0 runs, 1 hit, 0 errors, 1 left on base; Buckhead 2 - Portland 0
TOP OF THE 2ND
Buckhead Bowties batting - Pitching for Portland Evergreens : LHP Marcos Tejedor
Batting: LHB Shunso Kiyomizu 0-0: Ground out 4-3 (Groundball, 4)
Batting: RHB Kevin Baxter 0-0: Ball
1-0: Called Strike
1-1: Called Strike
1-2: Foul Ball, location: 2F
1-2: Strikes out looking
Batting: RHB Raúl Ruíz 0-0: Swinging Strike
0-1: Ground out 6-3 (Groundball, 6)
Top of the 2nd over - 0 runs, 0 hits, 0 errors, 0 left on base; Buckhead 2 - Portland 0
BOTTOM OF THE 2ND
Portland Evergreens batting - Pitching for Buckhead Bowties : LHP Dale Hamilton
Batting: RHB Blaze Alexander 0-0: Ball
1-0: Ball
2-0: Ball
3-0: Base on Balls
Batting: LHB John Schaefer 0-0: Foul Ball, location: 2F
0-1: Fly out, F7 (Flyball, 7S)
Batting: RHB Gabrio Campoverde 0-0: Ball
1-0: Ball
2-0: Called Strike
2-1: Called Strike
2-2: Ball
3-2: Strikes out swinging
Batting: RHB Carlos Cardona 0-0: Called Strike
0-1: Ball
1-1: Ground out 4-3 (Groundball, 4)
Bottom of the 2nd over - 0 runs, 0 hits, 0 errors, 1 left on base; Buckhead 2 - Portland 0
TOP OF THE 3RD
Buckhead Bowties batting - Pitching for Portland Evergreens : LHP Marcos Tejedor
Batting: LHB Félix López 0-0: Called Strike
0-1: Ball
1-1: Ball
2-1: Foul Ball, location: 2F
2-2: SINGLE (Groundball, 3S) (infield hit)
Batting: LHB José Valéncia 0-0: Foul Ball, location: 2F
0-1: Called Strike
0-2: SINGLE (Groundball, 34D)
Félix López to second
Runner from 2nd tries for 3rd, SAFE, no throw
Batting: RHB Richard Jost 0-0: SINGLE (Groundball, 56D)
Félix López scores
José Valéncia to second
Batting: RHB Derek Bangert 0-0: Foul Ball, location: 2F
0-1: Ball
1-1: Foul Ball, location: 2F
1-2: Foul Ball, location: 2F
1-2: Strikes out swinging
Batting: LHB Yu-zeng Si 0-0: Ball
1-0: Ball
2-0: Called Strike
2-1: Swinging Strike
2-2: Ball
3-2: SINGLE (Flyball, 9LS)
José Valéncia to third
Richard Jost to second
José Valéncia scores
Richard Jost to third
Batting: RHB Emílio Agramónte 0-0: Ball
1-0: Foul Ball, location: 2F
1-1: Called Strike
1-2: Strikes out looking
Batting: LHB Shunso Kiyomizu 0-0: Called Strike
0-1: Ball
1-1: Ball
2-1: Ball
3-1: Ground out 4-3 (Groundball, 34)
Top of the 3rd over - 2 runs, 4 hits, 0 errors, 2 left on base; Buckhead 4 - Portland 0
BOTTOM OF THE 3RD
Portland Evergreens batting - Pitching for Buckhead Bowties : LHP Dale Hamilton
Batting: LHB Ramón Garmendia 0-0: Ball
1-0: Called Strike
1-1: Ball
2-1: Swinging Strike
2-2: Foul Ball, location: 2F
2-2: Foul Ball, location: 2F
2-2: Foul Ball, location: 2F
2-2: Ball
3-2: Foul Ball, location: 2F
3-2: Foul Ball, location: 2F
3-2: Strikes out swinging
Batting: SHB Willie McGirt 0-0: Foul Ball, location: 2F
0-1: Ball
1-1: Ball
2-1: Foul Ball, location: 2F
2-2: Foul Ball, location: 2F
2-2: Foul Ball, location: 2F
2-2: Foul Ball, location: 2F
2-2: Ball
3-2: Ground out U3 (Groundball, 3)
Batting: RHB Tae-cho Han 0-0: Ball
1-0: Ball
2-0: Called Strike
2-1: Ball
3-1: Called Strike
3-2: Base on Balls
Batting: RHB Nelson Jaramillo 0-0: Foul Ball, location: 2F
0-1: Foul Ball, location: 2F
0-2: Fielders Choice at 2nd, 5-4 (Groundball, 5)
Bottom of the 3rd over - 0 runs, 0 hits, 0 errors, 1 left on base; Buckhead 4 - Portland 0
TOP OF THE 4TH
Buckhead Bowties batting - Pitching for Portland Evergreens : LHP Marcos Tejedor
Batting: RHB Kevin Baxter 0-0: Foul Ball, location: 2F
0-1: Ball
1-1: Foul Ball, location: 2F
1-2: Strikes out swinging
Batting: RHB Raúl Ruíz 0-0: Ball
1-0: Ball
2-0: Foul Ball, location: 2F
2-1: Swinging Strike
2-2: Foul Ball, location: 2F
2-2: Foul Ball, location: 2F
2-2: Foul Ball, location: 2F
2-2: Fly out, F2 (Popup, 23F)
Batting: LHB Félix López 0-0: Fly out, F7 (Flyball, 7LM)
Top of the 4th over - 0 runs, 0 hits, 0 errors, 0 left on base; Buckhead 4 - Portland 0
BOTTOM OF THE 4TH
Portland Evergreens batting - Pitching for Buckhead Bowties : LHP Dale Hamilton
Batting: RHB Enrique Morales 0-0: Called Strike
0-1: Ball
1-1: Ball
2-1: Fly out, F3 (Popup, 3F)
Batting: RHB Blaze Alexander 0-0: Called Strike
0-1: Ball
1-1: Ball
2-1: Ground out 1-3 (Groundball, 15S)
Batting: LHB John Schaefer 0-0: Ball
1-0: Called Strike
1-1: Ball
2-1: Ball
3-1: Foul Ball, location: 2F
3-2: Foul Ball, location: 2F
3-2: Base on Balls
Batting: RHB Gabrio Campoverde 0-0: Ball
1-0: Ball
2-0: Swinging Strike
2-1: SINGLE (Line Drive, 8LS)
John Schaefer to second
Runner from 2nd tries for 3rd, SAFE, no throw
Batting: RHB Carlos Cardona 0-0: Called Strike
0-1: Ball
1-1: Foul Ball, location: 2F
1-2: Strikes out swinging
Bottom of the 4th over - 0 runs, 1 hit, 0 errors, 2 left on base; Buckhead 4 - Portland 0
TOP OF THE 5TH
Buckhead Bowties batting - Pitching for Portland Evergreens : LHP Marcos Tejedor
Batting: LHB José Valéncia 0-0: Ball
1-0: Ball
2-0: Called Strike
2-1: Foul Ball, location: 2F
2-2: Strikes out looking
Batting: RHB Richard Jost 0-0: Called Strike
0-1: Ball
1-1: Swinging Strike
1-2: Hit by Pitch
Batting: RHB Derek Bangert 0-0: Called Strike
0-1: Ball
1-1: Ball
2-1: SINGLE (Line Drive, 9)
Richard Jost to second
Runner from 2nd tries for 3rd, SAFE, throw made to third
Batting: LHB Yu-zeng Si 0-0: Called Strike
0-1: Foul Ball, location: 2F
0-2: Strikes out swinging
Batting: RHB Emílio Agramónte 0-0: Called Strike
0-1: Ball
1-1: Foul Ball, location: 2F
1-2: Foul Ball, location: 2F
1-2: Strikes out looking
Top of the 5th over - 0 runs, 1 hit, 0 errors, 2 left on base; Buckhead 4 - Portland 0
BOTTOM OF THE 5TH
Portland Evergreens batting - Pitching for Buckhead Bowties : LHP Dale Hamilton
Batting: LHB Ramón Garmendia 0-0: Called Strike
0-1: Ball
1-1: Swinging Strike
1-2: Reached on error, E6 (Groundball, 4M)
Pitching: LHP Yajirobei Otomo
Batting: SHB Willie McGirt 0-0: Foul Ball, location: 2F
0-1: Swinging Strike
0-2: Ball
1-2: Ball
2-2: Ball
3-2: Grounds into double play, 6-4-3 (Groundball, 6)
Batting: RHB Tae-cho Han 0-0: Called Strike
0-1: Called Strike
0-2: Ball
1-2: Strikes out looking
Bottom of the 5th over - 0 runs, 0 hits, 1 error, 0 left on base; Buckhead 4 - Portland 0
TOP OF THE 6TH
Buckhead Bowties batting - Pitching for Portland Evergreens : LHP Marcos Tejedor
Batting: LHB Shunso Kiyomizu 0-0: Ball
1-0: Foul Ball, location: 2F
1-1: Ball
2-1: Ground out 4-3 (Groundball, 4)
Batting: RHB Kevin Baxter 0-0: Called Strike
0-1: SINGLE (Flyball, 8LS)
Batting: RHB Raúl Ruíz 0-0: Fielders Choice at 2nd, 6-4 (Groundball, 6)
Batting: LHB Félix López 0-0: Called Strike
0-1: Called Strike
0-2: Strikes out swinging
Top of the 6th over - 0 runs, 1 hit, 0 errors, 1 left on base; Buckhead 4 - Portland 0
BOTTOM OF THE 6TH
Portland Evergreens batting - Pitching for Buckhead Bowties : LHP Yajirobei Otomo
Batting: RHB Nelson Jaramillo 0-0: Swinging Strike
0-1: Foul Ball, location: 2F
0-2: Foul Ball, location: 2F
0-2: Strikes out swinging
Batting: RHB Enrique Morales 0-0: Ball
1-0: Ball
2-0: Fly out, F7 (Flyball, 7S)
Batting: RHB Blaze Alexander 0-0: Ball
1-0: Foul Ball, location: 2F
1-1: Ball
2-1: Called Strike
2-2: Strikes out swinging
Bottom of the 6th over - 0 runs, 0 hits, 0 errors, 0 left on base; Buckhead 4 - Portland 0
TOP OF THE 7TH
Buckhead Bowties batting - Pitching for Portland Evergreens : LHP Marcos Tejedor
Batting: LHB José Valéncia 0-0: Ball
1-0: Ground out U3 (Groundball, 34S)
Pitching: LHP Shinzo Kumagai
Batting: RHB Richard Jost 0-0: Called Strike
0-1: Ball
1-1: Called Strike
1-2: SINGLE (Groundball, 6MD)
Batting: RHB Derek Bangert 0-0: Ball
1-0: Called Strike
1-1: Ground out 5-3 (Groundball, 56S)
Richard Jost to second
Batting: LHB Yu-zeng Si 0-0: Swinging Strike
0-1: Ball
1-1: Called Strike
1-2: Strikes out looking
Top of the 7th over - 0 runs, 1 hit, 0 errors, 1 left on base; Buckhead 4 - Portland 0
BOTTOM OF THE 7TH
Portland Evergreens batting - Pitching for Buckhead Bowties : LHP Yajirobei Otomo
Batting: LHB John Schaefer 0-0: Called Strike
0-1: Foul Ball, location: 2F
0-2: Ball
1-2: Fly out, F7 (Flyball, 7LMF)
Batting: RHB Gabrio Campoverde 0-0: Swinging Strike
0-1: Called Strike
0-2: Ball
1-2: Strikes out looking
Batting: RHB Carlos Cardona 0-0: Ball
1-0: Ball
2-0: Called Strike
2-1: Foul Ball, location: 2F
2-2: Strikes out swinging
Bottom of the 7th over - 0 runs, 0 hits, 0 errors, 0 left on base; Buckhead 4 - Portland 0
TOP OF THE 8TH
Buckhead Bowties batting - Pitching for Portland Evergreens : LHP Shinzo Kumagai
Batting: RHB Emílio Agramónte 0-0: Foul Ball, location: 2F
0-1: DOUBLE (Groundball, 3L)
Batting: LHB Shunso Kiyomizu 0-0: Called Strike
0-1: Foul Ball, location: 2F
0-2: Ball
1-2: Ball
2-2: Fly out, F9 (Flyball, 9)
Batting: RHB Kevin Baxter 0-0: Ball
1-0: Ball
2-0: Ball
3-0: Called Strike
3-1: Foul Ball, location: 2F
3-2: Fly out, F7 (Flyball, 7LSF)
Batting: RHB Raúl Ruíz 0-0: Ball
1-0: Ground out 6-3 (Groundball, 6)
Top of the 8th over - 0 runs, 1 hit, 0 errors, 1 left on base; Buckhead 4 - Portland 0
BOTTOM OF THE 8TH
Portland Evergreens batting - Pitching for Buckhead Bowties : LHP Yajirobei Otomo
Batting: LHB Ramón Garmendia 0-0: Ball
1-0: Ball
2-0: Ball
3-0: Called Strike
3-1: Swinging Strike
3-2: Foul Ball, location: 2F
3-2: Ground out 4-3 (Groundball, 34)
Pitching: RHP Nand Lal Chaudhary
Batting: SHB Willie McGirt 0-0: Ball
1-0: Ball
2-0: Ball
3-0: Foul Ball, location: 2F
3-1: Swinging Strike
3-2: Strikes out looking
Batting: RHB Tae-cho Han 0-0: Ball
1-0: Ball
2-0: Foul Ball, location: 2F
2-1: Fly out, F8 (Flyball, 8LD)
Bottom of the 8th over - 0 runs, 0 hits, 0 errors, 0 left on base; Buckhead 4 - Portland 0
TOP OF THE 9TH
Buckhead Bowties batting - Pitching for Portland Evergreens : LHP Shinzo Kumagai
Batting: LHB Félix López 0-0: Fly out, F8 (Flyball, 8RM)
Batting: LHB José Valéncia 0-0: Ball
1-0: Ground out 6-3 (Groundball, 6)
Batting: RHB Richard Jost 0-0: Called Strike
0-1: Called Strike
0-2: Strikes out swinging
Top of the 9th over - 0 runs, 0 hits, 0 errors, 0 left on base; Buckhead 4 - Portland 0
BOTTOM OF THE 9TH
Portland Evergreens batting - Pitching for Buckhead Bowties : RHP Nand Lal Chaudhary
Batting: RHB Nelson Jaramillo 0-0: Foul Ball, location: 2F
0-1: Swinging Strike
0-2: Ball
1-2: Ball
2-2: Foul Ball, location: 2F
2-2: Foul Ball, location: 2F
2-2: Strikes out swinging
Batting: RHB Enrique Morales 0-0: Called Strike
0-1: Ground out 6-3 (Groundball, 6)
Batting: RHB Blaze Alexander 0-0: Ball
1-0: DOUBLE (Line Drive, 9D)
Batting: LHB John Schaefer 0-0: Swinging Strike
0-1: Called Strike
0-2: Strikes out swinging
Bottom of the 9th over - 0 runs, 1 hit, 0 errors, 1 left on base; Buckhead 4 - Portland 0
Friday, March 29th, 2019 - OOTP Baseball 18.8 Build 76